 Dungeon Crawl Stone Soup version 0.31-a0-441-g867994ef1c (webtiles) character file.

Game seed: 2581731412022847450

259 mopl the Ruffian (level 6, -2/40 HPs)
             Began as an Octopode Shapeshifter on Aug 2, 2023.
             Killed from afar by an orc wizard (6 damage)
             ... with a magic dart
             ... on level 4 of the Dungeon.
             The game lasted 00:02:13 (2327 turns).

mopl the Ruffian (Octopode Shapeshifter)            Turns: 2327, Time: 00:02:14

Health: -2/40      AC:  1    Str: 15    XL:     6   Next: 17%
Magic:  6/6        EV: 14    Int: 10    God:
Gold:   180        SH:  0    Dex: 14    Spells: 5/5 levels left

rFire   . .          .
                       - Unarmed
rCold   . . .        (no shield)
rNeg    . . .        (helmet currently unavailable)
rPois   .            i - amulet of magic regeneration
rElec   .            (no ring)
rCorr   .            (no ring)
SInv    .            (no ring)
Will    .....        (no ring)
Stlth   ++           (no ring)
HPRegen 0.26/turn    (no ring)
MPRegen 0.50/turn    (no ring)
                     (no ring)

%: no passive effects
@: beast-form
A: beast (slay +2), almost no armour, amphibious, 8 rings, camouflage 1,
gelatinous body 1, (nimble swimmer 1), tentacles
a: Begin Untransformation


You were on level 4 of the Dungeon.
You were a hulking beast.
You visited 1 branch of the dungeon, and saw 4 of its levels.

You collected 180 gold pieces.

Inventory:

Missiles
 n - 3 poisoned darts (quivered)
Jewellery
 i - an amulet of magic regeneration (around mantle)
Talismans
 b - a beast talisman (active)
Scrolls
 c - 2 scrolls of identify {unknown}
 e - 2 scrolls of blinking {unknown}
 f - a scroll of immolation {unknown}
 h - 3 scrolls of vulnerability {unknown}
 k - a scroll of teleportation {unknown}
 o - a scroll of noise {unknown}
Potions
 a - a potion of lignification {!q}
 d - a potion of haste {unknown}
 g - 3 potions of heal wounds {unknown}
 j - a potion of brilliance {unknown}
 l - a potion of degeneration {unknown}
 m - a potion of might {unknown}


   Skills:
 + Level 2.3 Fighting
 + Level 3.0 Dodging
 * Level 4.6 Unarmed Combat
 * Level 4.1 Shapeshifting


You had 5 spell levels left.
You didn't know any spells.
Your spell library contained the following spells:

 Spells                   Type           Power      Damage    Failure   Level
 Summon Small Mammal      Summ           0%         N/A       36%         1
 Call Canine Familiar     Summ           0%         N/A       75%         3
 Summon Guardian Golem    Hex/Summ       0%         N/A       75%         3


Dungeon Overview and Level Annotations

Branches:
Dungeon (4/15)
 Temple: D:4-7

Altars:
Ashenzari


Innate Abilities, Weirdness & Mutations

You are a hulking beast.
Your limbs bulge with bestial killing power. (Slay +2)
You cannot wear most types of armour.
You are amphibious.
You can wear up to eight rings at the same time.
Your skin changes colour to match your surroundings (Stealth+).
Your rubbery body absorbs attacks. (AC +1, EV +1)
((You are camouflaged when in or above water. (Stealth+)))
You have tentacles for arms and can constrict up to eight enemies at once.


Message History

You completely miss the kobold. Your grab misses the kobold.
You squeeze the kobold.
You kill the kobold!
Found 14 gold pieces.
Things that are here:
a +0 short sword; 4 stones; a kobold corpse You now have 180 gold pieces (gained 14).
A worm comes into view. 2 gnolls come into view.
The gnoll shouts!
A gnoll comes into view. It is wielding a +0 spear.
The gnoll closely misses you.
Things that are here:
a +0 short sword; 4 stones; a kobold corpse You hear the slow rusting of a very distant drain.
An orc comes into view. It is wielding a +0 trident.
The orc moves out of view.
An orc and an orc priest come into view.
An orc wizard comes into view. It is wielding a +0 dagger.
The orc wizard shouts!
The orc shouts!
The orc wizard points at you and mumbles some strange words.
The puff of flame hits you!
* * * LOW HITPOINT WARNING * * *
The orc priest shouts!
Unknown command.
The orc barely misses you.
Items here: )) [ †.
The orc hits you from afar with a +0 trident!
* * * LOW HITPOINT WARNING * * *
The orc wizard attacks as you move away!
The orc wizard misses you.
The orc wizard attacks as you move away!
The orc wizard closely misses you.
An adder comes into view.
The adder moves out of view.
The orc wizard attacks as you move away!
The orc wizard closely misses you.
The orc wizard gestures at you while chanting.
The magic dart hits you.
You die...

## ########.##
.......<#.# ..######h#
##.##########
..####..o.o.g....#######
#........####og.).).....
..####...###...#)#######
#...##.....o### #
#.)........g..#####
#.#.##.........g..g
#.#.###..>###.#####


You could see an orc wizard.

Vanquished Creatures
  A bullfrog (D:3)
  A hound (D:3)
  Jessica (D:3)
  An iguana (D:4)
  An orc wizard (D:4)
  A worm (D:2)
  A dart slug (D:2)
  6 orcs
  10 ball pythons
  8 endoplasms
  7 goblins
  7 hobgoblins
  12 kobolds
  4 quokkas (D:1)
  3 bats
  A frilled lizard (D:1)
  5 rats
70 creatures vanquished.

Notes
Turn   | Place    | Note
-------+----------+-------------------------------------------
     0 | D:1      | mopl the Octopode Shapeshifter began the quest for the Orb.
     0 | D:1      | Reached XP level 1. HP: 13/13 MP: 1/1
    90 | D:1      | Reached XP level 2. HP: 14/18 MP: 2/2
   195 | D:1      | Reached XP level 3. HP: 23/23 MP: 3/3
   654 | D:2      | You fall into a shaft and drop 1 floor!
   842 | D:3      | Found a broken altar of Ashenzari.
  1006 | D:3      | Noticed a bullfrog
  1014 | D:3      | Killed a bullfrog
  1015 | D:3      | Reached skill level 4 in Unarmed Combat
  1015 | D:3      | Reached XP level 4. HP: 22/29 MP: 4/4
  1015 | D:3      | Reached XP level 5. HP: 26/34 MP: 5/5
  1047 | D:3      | Noticed Jessica
  1052 | D:3      | Killed Jessica
  1053 | D:3      | Reached skill level 2 in Fighting
  1236 | D:3      | Found a faded altar of an unknown god.
  2230 | D:4      | Reached skill level 4 in Shapeshifting
  2237 | D:4      | Reached XP level 6. HP: 35/39 MP: 6/6
  2266 | D:4      | Reached skill level 3 in Dodging
  2321 | D:4      | HP: 2/40 [orc/+0 trident (7)]
  2327 | D:4      | Killed from afar by an orc wizard

Illustrated notes

Levels and vault maps discovered:
D:1:      dpeg_arrival_renting, layout_rooms, minmay_tiny_reverse_x
D:2:      layout_loops_ring
D:3:      layout_basic, mainiacjoe_overflow_24_doors,
          chequers_ecumenical_altar_simple, uniq_jessica
D:4:      layout_loops_ring, nicolae_uskayaw_murder_on_the_dancefloor,
          cheibrodos_sewer_entry_sluice, uniq_natasha

Skill      XL: |  1  2  3  4  5  6 |
---------------+-------------------+-----
Unarmed Combat | 4 |  4.6
Fighting       | 2 |  2.3
Shapeshifting  | 4 |  4.1
Dodging        | 3 |  3.0

Action                     |  1- 3 |  4- 6 || total
---------------------------+-------+-------++-------
  Melee: Unarmed           |    77 |    50 ||   127
         Constrict         |    14 |    11 ||    25
         Tentacles         |     6 |    11 ||    17
         Punch             |     1 |     2 ||     3
   Stab: Sleeping          |     4 |     3 ||     7
 Armour: Skin              |     6 |     5 ||    11
  Dodge: Dodged            |    29 |    38 ||    67

Table legend: (Time is in decaauts)
 A = Elapsed time spent in this place.
 B = Non-inter-level travel time spent in this place.
 C = Inter-level travel time spent in this place.
 D = Time resting spent in this place.
 E = Time spent auto-exploring this place.
 F = Levels seen in this place.
 G = Mean time per level.
                   A        B        C        D        E       F      G
               +--------+--------+--------+--------+--------+-----+--------+
         Total |   2318 |   2136 |    182 |      0 |   1702 |   4 |  579.5 |
       Dungeon |   2318 |   2136 |    182 |      0 |   1702 |   4 |  579.5 |
               +--------+--------+--------+--------+--------+-----+--------+

Top non-repeatable levels by time:
     D:3: 1036 daAuts
     D:2: 665 daAuts
     D:1: 494 daAuts
     D:4: 122 daAuts
